Map: [ESL] Data-C

Players

MaxPax - Winner!

  • Race: Protoss Protoss
  • Spawn Location: 9:00

ShaDoWn

  • Race: Protoss Protoss
  • Spawn Location: 3:00

Event: DreamHack SC2 Masters 2022 Atlanta (Online)

VOD

Have the link to the VOD?

Description

Time

  • Played on: Oct. 12, 2022, 10:31 a.m.
  • Length: 11:16

All games in this series

Show
View Real Time Build Order
Export as new Build Order

MaxPax Protoss - Winner!

Build Orders: Oracle Opening, Phoenix Opening 

Get SALT Encoding   

  12  0:00  Probe  
  13  0:12  Probe  
  14  0:19  Pylon  
  14  0:24  Probe  
  15  0:37  Probe (Chrono Boost)  
  15  0:39  Gateway  
  16  0:47  Probe (Chrono Boost), Assimilator  
  17  0:52  Probe (Chrono Boost)  
  18  1:04  Probe  
  19  1:16  Probe (Chrono Boost)  
  20  1:20  Assimilator, Pylon  
  20  1:25  Cybernetics Core  
  20  1:27  Probe (Chrono Boost)  
  21  1:33  Probe (Chrono Boost)  
  21  1:38  Zealot  
  24  1:44  Probe  
  25  1:56  Probe  
  26  2:02  Stargate  
  26  2:04  Adept (Chrono Boost)  
  29  2:17  Warp Gate  
  28  2:26  Nexus  
  28  2:36  Pylon  
  28  2:46  Oracle  
  28  2:51  Shield Battery  
  31  2:54  Probe  
  32  2:59  Stalker  
  34  3:07  Shield Battery  
  34  3:09  Probe  
  35  3:22  Probe  
  35  3:26  Phoenix  
  38  3:34  Probe  
  39  3:39  Probe (Chrono Boost)  
  41  3:51  Probe x2 (Chrono Boost)  
  41  3:53  Twilight Council  
  42  3:57  Probe (Chrono Boost)  
  42  4:00  Probe (Chrono Boost)  
  44  4:05  Probe  
  43  4:10  Probe  
  43  4:15  Gateway  
  44  4:17  Probe  
  44  4:18  Gateway  
  44  4:22  Probe  
  44  4:23  Blink (Chrono Boost), Pylon  
  46  4:24  Stalker  
  46  4:29  Probe  
  49  4:34  Probe  
  50  4:41  Probe  
  51  4:45  Dark Shrine  
  51  4:46  Probe  
  51  4:47  Assimilator  
  52  4:53  Probe  
  52  4:54  Stalker  
  52  4:58  Probe  
  56  5:06  Probe, Pylon  
  57  5:11  Stalker  
  60  5:15  Pylon  
  60  5:16  Stalker  
  60  5:19  Pylon  
  61  5:32  Nexus  
  61  5:36  Stalker x2  
  61  5:41  Stalker  
  67  5:43  Probe x2  
  67  5:47  Pylon  
  69  5:55  Probe  
  69  5:56  Probe  
  71  6:00  Dark Templar x2  
  75  6:08  Pylon  
  75  6:09  Probe  
  76  6:13  Probe  
  77  6:20  Stalker  
  77  6:21  Probe  
  77  6:25  Probe  
  76  6:33  Probe  
  76  6:37  Probe, Stalker x2  
  78  6:43  Forge  
  78  6:44  Gateway  
  78  6:45  Probe x2  
  80  6:49  Probe  
  80  6:50  Shield Battery  
  80  6:52  Dark Templar  
  83  6:57  Probe x2  
  85  7:01  Probe  
  85  7:04  Robotics Facility  
  85  7:07  Stalker  
  88  7:09  Probe x2, Stalker  
  88  7:12  Protoss Ground Weapons Level 1 (Chrono Boost)  
  88  7:13  Probe  
  91  7:21  Probe  
  92  7:27  Photon Cannon  
  92  7:32  Pylon  
  92  7:42  Probe  
  93  7:44  Nexus  
  93  7:45  Probe  
  93  7:48  Gateway  
  93  7:50  Stalker x4  
  102  7:52  Observer, Gateway  
  102  7:54  Assimilator  
  102  7:55  Probe x2  
  102  7:57  Probe  
  106  8:05  Gateway  
  104  8:06  Charge  
  104  8:07  Probe x2  
  104  8:08  Gateway  
  104  8:09  Probe  
  107  8:16  Photon Cannon  
  107  8:19  Probe  
  108  8:28  Probe  
  108  8:31  Pylon  
  108  8:32  Pylon  
  109  8:38  Pylon  
  109  8:44  Pylon  
  109  8:47  Pylon  
  109  8:48  Observer (Chrono Boost)  
  109  8:50  Stalker x6  
  109  8:52  Probe  
  109  8:53  Probe  
  124  8:56  Probe, Pylon  
  124  9:00  Dark Templar  
  127  9:06  Stalker  
  129  9:12  Probe  
  129  9:14  Probe  
  129  9:16  Zealot x6  
  141  9:17  Probe  
  141  9:20  Nexus  
  142  9:25  Observer (Chrono Boost)  
  142  9:26  Probe  
  143  9:31  Probe  
  143  9:37  Zealot x6  
  156  9:40  Warp Prism (Chrono Boost)  
  156  9:42  Probe  
  149  10:03  Zealot x3, Probe x2  
  149  10:04  Zealot x5  
  159  10:07  Robotics Bay  
  159  10:08  Pylon  
  147  10:17  Probe  
  147  10:18  Probe  
  136  10:23  Probe  
  136  10:28  Zealot x8  
  147  10:31  Probe  
  147  10:34  Probe x3  
  147  10:35  Probe  
  150  10:36  Pylon  
  150  10:39  Gateway  
  150  10:43  Probe  
  150  10:45  Gateway  
  151  10:50  Probe  
  151  10:53  Zealot x3, Dark Templar x4  
  151  10:54  Zealot  
  151  10:57  Probe x2  
  173  11:00  Assimilator  
  173  11:03  Assimilator  
  173  11:06  Photon Cannon x2  
  175  11:14  Pylon  
Show
View Real Time Build Order
Export as new Build Order

ShaDoWn Protoss 

Build Orders: Phoenix Opening 

Get SALT Encoding   

  12  0:00  Probe  
  13  0:12  Probe  
  14  0:17  Pylon  
  14  0:24  Probe  
  15  0:35  Gateway  
  15  0:37  Probe (Chrono Boost)  
  16  0:46  Probe (Chrono Boost), Assimilator  
  17  0:51  Probe (Chrono Boost)  
  17  0:55  Assimilator  
  18  1:03  Probe (Chrono Boost)  
  19  1:08  Gateway  
  19  1:13  Probe (Chrono Boost)  
  19  1:18  Probe (Chrono Boost)  
  20  1:25  Cybernetics Core  
  21  1:29  Probe  
  22  1:38  Pylon  
  22  1:41  Probe  
  23  1:56  Probe  
  23  2:00  Pylon  
  24  2:01  Stalker  
  24  2:03  Warp Gate  
  26  2:11  Probe  
  29  2:24  Stargate  
  27  2:39  Nexus  
  27  2:41  Probe  
  28  2:47  Pylon  
  28  2:55  Probe  
  29  2:59  Shield Battery  
  29  3:06  Phoenix (Chrono Boost)  
  31  3:13  Pylon  
  31  3:15  Shield Battery  
  31  3:16  Probe  
  32  3:23  Pylon  
  32  3:28  Phoenix  
  32  3:31  Probe  
  35  3:40  Shield Battery  
  35  3:43  Probe  
  36  3:52  Twilight Council  
  36  3:55  Probe (Chrono Boost)  
  36  3:56  Probe (Chrono Boost)  
  36  4:06  Phoenix  
  36  4:07  Probe (Chrono Boost)  
  36  4:08  Probe (Chrono Boost)  
  40  4:14  Probe x2 (Chrono Boost)  
  42  4:18  Stalker  
  42  4:21  Probe  
  42  4:22  Probe  
  46  4:30  Dark Shrine  
  46  4:33  Probe  
  46  4:34  Probe (Chrono Boost)  
  46  4:36  Blink (Chrono Boost)  
  48  4:45  Probe (Chrono Boost), Stalker  
  51  4:52  Probe (Chrono Boost), Pylon  
  52  4:55  Probe (Chrono Boost)  
  52  4:59  Probe (Chrono Boost)  
  54  5:00  Assimilator  
  54  5:10  Probe  
  54  5:12  Nexus  
  55  5:19  Pylon  
  55  5:23  Stalker x2  
  60  5:30  Oracle (Chrono Boost)  
  62  5:37  Probe  
  62  5:41  Probe, Pylon  
  64  5:49  Dark Templar, Probe  
  67  5:53  Probe  
  68  5:59  Pylon  
  68  6:01  Probe  
  68  6:04  Robotics Facility, Stalker  
  71  6:05  Forge  
  71  6:09  Probe  
  72  6:16  Probe  
  69  6:27  Stalker x2  
  69  6:29  Probe  
  69  6:31  Gateway  
  71  6:34  Probe  
  71  6:38  Nexus  
  68  6:41  Probe  
  68  6:44  Protoss Ground Weapons Level 1  
  68  6:46  Probe (Chrono Boost)  
  70  6:51  Observer  
  70  6:54  Probe (Chrono Boost)  
  72  6:56  Stalker x2  
  72  6:58  Probe (Chrono Boost)  
  77  7:04  Probe (Chrono Boost)  
  77  7:06  Shield Battery  
  78  7:24  Pylon  
  78  7:25  Pylon  
  78  7:29  Pylon  
  78  7:42  Observer (Chrono Boost), Probe x2, Stalker x2  
  85  7:47  Stalker  
  87  7:54  Probe x2  
  87  7:56  Probe  
  90  8:00  Immortal (Chrono Boost), Assimilator  
  94  8:06  Probe x2  
  94  8:09  Probe, Stalker x2  
  94  8:11  Stalker  
  103  8:18  Probe x2  
  105  8:23  Probe  
  105  8:26  Nexus  
  106  8:27  Pylon  
  106  8:30  Gateway  
  106  8:31  Gateway  
  106  8:33  Gateway, Assimilator  
  106  8:35  Observer  
  106  8:37  Sentry, Stalker  
  106  8:41  Probe  
  112  8:43  Stalker  
  112  8:45  Probe  
  112  8:46  Charge  
  112  8:47  Probe  
  116  8:53  Probe  
  116  8:55  Protoss Ground Weapons Level 2 (Chrono Boost)  
  117  8:56  Observer  
  117  8:57  Probe  
  117  8:58  Photon Cannon  
  117  8:59  Probe  
  117  9:02  Photon Cannon  
  119  9:05  Shield Battery, Probe  
  119  9:07  Observer  
  119  9:09  Probe  
  122  9:11  Pylon  
  122  9:12  Probe  
  120  9:18  Stalker x2  
  120  9:21  Pylon  
  121  9:33  Zealot, Probe  
  121  9:34  Zealot x3  
  130  9:39  Probe  
  130  9:44  Stalker x2  
  131  9:45  Probe  
  129  9:57  Probe  
  129  9:58  Zealot x4  
  129  9:59  Probe  
  123  10:07  Stalker x2  
  123  10:09  Probe x2  
  117  10:19  Stalker x3  
  105  10:25  Observer  
  105  10:27  Stalker  
  103  10:39  Nexus  
  103  10:40  Probe  
  103  10:42  Probe x2  
  106  10:43  Sentry  
  106  10:44  Stalker x2  
  112  10:52  Probe (Chrono Boost)  
  112  10:54  Probe (Chrono Boost)  
  115  10:57  Stalker x2  
  115  10:58  Probe (Chrono Boost)  
  115  11:03  Stalker  
  122  11:05  Probe (Chrono Boost)  
  122  11:06  Probe (Chrono Boost)  
Tags
 
Add a new tag
Caveats
  • Supply blocks, unpowered buildings, or Contaminate may cause inaccurate times.
  • Supply counts are checked every 10 seconds.